 Dungeon Crawl Stone Soup version 0.31.0-32-g396128a36d (webtiles) character file.

Game seed: 893562150411571393

65 PaiMei the Grave Robber (level 3, 0/26 HPs)
             Began as a Demonspawn Necromancer on Apr 12, 2024.
             Slain by Natasha (6 damage)
             ... on level 2 of the Dungeon.
             The game lasted 00:01:22 (1825 turns).

PaiMei the Grave Robber (Demonspawn Necromancer)    Turns: 1825, Time: 00:01:22

Health: 0/26       AC:  5    Str:  8    XL:     3   Next: 92%
Magic:  0/6        EV: 12    Int: 17    God:
Gold:   53         SH:  0    Dex: 13    Spells: 3/7 levels left

rFire   . . .        c - +0 dagger
rCold   . . .        (no shield)
rNeg    . . .        a - +0 robe
rPois   .            d - +0 helmet
rElec   .            (no cloak)
rCorr   .            (no gloves)
SInv    .            (no boots)
Will    .....        (no amulet)
Stlth   ++           (no ring)
HPRegen 0.24/turn    (no ring)
MPRegen 0.10/turn

%: no passive effects
@: slowed, very slow
A: icy blue scales 1, demonic touch 1
a: no special abilities


You were on level 2 of the Dungeon.
You visited 1 branch of the dungeon, and saw 2 of its levels.

You collected 53 gold pieces.

Inventory:

Hand Weapons
 c - a +0 dagger (weapon)
Armour
 a - a +0 robe (worn)
 d - a +0 helmet (worn)
Jewellery
 i - an amulet of guardian spirit
 j - a +6 ring of dexterity
Scrolls
 e - a scroll of summoning {unknown}
 h - a scroll of noise {unknown}
Potions
 b - 2 potions of magic
 f - 2 potions of heal wounds {unknown}
 g - a potion of resistance {unknown}


   Skills:
 + Level 1.2 Fighting
 + Level 2.4 Dodging
 - Level 2.0 Stealth
 + Level 2.5 Spellcasting
 + Level 4.8 Necromancy


You had 3 spell levels left.
You knew the following spells:

 Your Spells              Type           Power      Damage    Failure   Level
a - Necrotise             Necr           72%        1d7       2%          1
b - Vampiric Draining     Necr           18%        2d7       8%          3

Your spell library contained the following spells:

 Spells                   Type           Power      Damage    Failure   Level
 Animate Dead             Necr           18%        N/A       24%         4
 Curse of Agony           Necr           18%        N/A       56%         5


Dungeon Overview and Level Annotations

Branches:
Dungeon (2/15)

Altars:
Cheibriados

Annotations:
D:2 Natasha


Innate Abilities, Weirdness & Mutations

You are partially covered in icy blue scales. (AC +2)
Your touch may inflict minor irresistible damage on your foes.


Message History

Press: ? - help, Shift-Dir - straight line, f/p - Natasha
Aim: Natasha (lightly wounded, chance to affect: 76%) Natasha writhes in agony.
Natasha barely misses you. The cerulean imp barely misses you.
Natasha casts a spell at you. The magic dart hits you.
Casting: Necrotise (safe; 2% risk of failure)
Confirm with . or Enter, or press ? or * to list all spells.
Aiming: Necrotise (safe; 2% risk of failure)
Press: ? - help, Shift-Dir - straight line, f/p - Natasha
Aim: Natasha (lightly wounded, chance to affect: 76%) Natasha writhes in agony.
The cerulean imp barely misses you. Natasha barely misses you.
The cerulean imp hits you but does no damage.
Casting: Necrotise (safe; 2% risk of failure)
Confirm with . or Enter, or press ? or * to list all spells.
Aiming: Necrotise (safe; 2% risk of failure)
Press: ? - help, Shift-Dir - straight line, f/p - Natasha
Aim: Natasha (heavily wounded, chance to affect: 76%) Natasha writhes in agony.
Natasha closely misses you.
The cerulean imp hits you but does no damage.
Natasha claws you.
Casting: Necrotise (safe; 2% risk of failure)
Confirm with . or Enter, or press ? or * to list all spells.
You don't have enough magic to cast this spell.
You closely miss Natasha. Your touch misses Natasha.
Natasha is almost dead.
The cerulean imp hits you from afar with a +0 spear.
Natasha claws you.
* * * LOW HITPOINT WARNING * * *
The cerulean imp hits you from afar with a +0 spear.
* * * LOW HITPOINT WARNING * * *
Casting: Necrotise (safe; 2% risk of failure)
Confirm with . or Enter, or press ? or * to list all spells.
Aiming: Necrotise (safe; 2% risk of failure)
Press: ? - help, Shift-Dir - straight line, f/p - Natasha
Aim: Natasha (almost dead, chance to affect: 76%) Natasha barely resists.
Natasha claws you.
You die...
Natasha begins licking her fur clean.

.... #.##..## #..##
#.##.... ..# ####
#.##.... .<# #.##....
#.# ###.######
#.######...## #
#...........#
#...######..#####.####
.........@h5.........#
#...###.##.####......+
. # #.##.# #......# #
#.##.# #.....## ..##.#
........ ####.#
.######### [.##. ####


You could see Natasha and a cerulean imp (summoned).

Vanquished Creatures
  Natasha (D:2)
  An adder (D:2)
  2 dart slugs (D:2)
  2 bats (D:1)
  A giant cockroach (D:2)
  7 hobgoblins
  5 kobolds
  A ball python (D:2)
  A frilled lizard (D:1)
  3 goblins (D:1)
  2 rats (D:1)
26 creatures vanquished.

Vanquished Creatures (collateral kills)
  A ball python (D:1)
  A rat (D:1)
2 creatures vanquished.

Grand Total: 28 creatures vanquished

Notes
Turn   | Place    | Note
-------+----------+-------------------------------------------
     0 | D:1      | PaiMei the Demonspawn Necromancer began the quest for the
                  | Orb.
     0 | D:1      | Reached XP level 1. HP: 13/13 MP: 3/3
   438 | D:1      | Gained mutation: Your touch may inflict minor irresistible
                  | damage on your foes. [demonic ancestry]
   438 | D:1      | Reached XP level 2. HP: 19/19 MP: 3/5
  1225 | D:2      | Found a snail-covered altar of Cheibriados.
  1294 | D:2      | Gained mutation: You are partially covered in icy blue
                  | scales. (AC +2) [demonic ancestry]
  1294 | D:2      | Reached XP level 3. HP: 25/25 MP: 2/6
  1298 | D:2      | Learned a level 3 spell: Vampiric Draining
  1433 | D:2      | Found a faded altar of an unknown god.
  1550 | D:2      | Noticed Natasha
  1557 | D:2      | Killed Natasha
  1558 | D:2      | Reached skill level 1 in Fighting
  1815 | D:2      | Noticed Natasha
  1825 | D:2      | Slain by Natasha

Illustrated notes

Levels and vault maps discovered:
D:1:      dpeg_arrival_pond, layout_loops_corners
D:2:      layout_loops_ring, basic_altar, shapermc_ecumenical_altar_ellora,
          uniq_natasha

Skill      XL: |  1  2  3 |
---------------+----------+-----
Stealth        | 2 |  2.0
Dodging        | 2 |  2.4
Fighting       | 1 |  1.2
Spellcasting   | |  2.5
Necromancy     | |  4.8

Action                     || total
---------------------------++-------
  Melee: Dagger            ||    19
         Touch             ||     2
   Cast: Necrotise         ||    58
 Armour: Robe              ||    28
  Dodge: Dodged            ||    25
